 Dungeon Crawl Stone Soup version bcrawl-1.17.1 (webtiles) character file.

Game seed: 8490337469310492740

196 Freyura the Shield-Bearer (level 5, -4/46 HPs)
             Began as a Minotaur Fighter on Oct 13, 2019.
             Slain by an orc priest
             ... wielding a +0 war axe
              (11 damage)
             ... on level 3 of the Dungeon.
             The game lasted 00:04:13 (1653 turns).

Freyura the Shield-Bearer (Minotaur Fighter)        Turns: 1653, Time: 00:04:13

Health: -4/46      AC:  7    Str: 21    XL:     5   Next: 45%
Magic:  4/4        EV:  8    Int:  5    God:
Gold:   177        SH: 10    Dex: 10    Spells: 4/4 levels left

rFire    . . .     SeeInvis .   a - +0 flail
rCold    . . .     Gourm    .   c - +0 shield
rNeg     . . .     Faith    .   b - +0 scale mail
rPois    .         Spirit   .   (helmet restricted)
rElec    .         Reflect  .   (no cloak)
rCorr    .         Harm     .   (no gloves)
MR       .....                  (no boots)
Stlth    ..........             (no amulet)
HPRegen  0.15/turn              (no ring)
MPRegen  0.09/turn              (no ring)

@: no status effects
A: retaliatory headbutt, horns 2
a: no special abilities


You were on level 3 of the Dungeon.
You were not hungry.

You visited 1 branch of the dungeon, and saw 3 of its levels.

You collected 177 gold pieces.

Inventory:

Hand Weapons
 a - a +0 flail (weapon)
Armour
 b - a +0 scale mail (worn)
 c - a +0 shield (worn)
 m - a cursed +0 chain mail
Wands
 q - a wand of polymorph (13)
Scrolls
 e - 2 scrolls of identify {unknown}
 h - 3 scrolls of remove curse {unknown}
 i - a scroll of fear {unknown}
 j - a scroll of teleportation {unknown}
 l - a scroll of magic mapping {unknown}
 n - a scroll of blinking {unknown}
 o - 2 scrolls of immolation {unknown}
Potions
 d - a potion of might
 g - 4 potions of agility {unknown}
 k - a potion of curing {unknown}
 p - a potion of flight {unknown}
 r - a potion of mutation {unknown}
Comestibles
 f - 4 rations {!d}
 s - a chunk of flesh


   Skills:
 + Level 4.2 Fighting
 + Level 3.6 Maces & Flails
 + Level 4.8 Armour
 + Level 2.0 Dodging
 + Level 5.1 Shields
 + Level 0.3 Unarmed Combat


You had 4 spell levels left.
You didn't know any spells.
Your spell library was empty.

Dungeon Overview and Level Annotations

Branches:
Dungeon (3/12)

Altars:


Innate Abilities, Weirdness & Mutations

You reflexively headbutt those who attack you in melee.
You have a pair of horns on your head.


Message History

You block the adder's attack. The orc barely misses you.
You furiously retaliate!
You headbutt the orc. You block the adder's attack. The adder bites you.
The orc priest hits you with a +0 war axe.
You block the adder's attack.
The orc priest calls upon Beogh to heal the orc.
The orc's wounds heal themselves!
The adder barely misses you. You furiously retaliate!
You headbutt the adder.
The orc priest invokes the aid of Beogh against you.
Beogh smites you!
* * * LOW HITPOINT WARNING * * *
You sock the adder!
You kill the adder!
You barely miss the orc. You block the orc's attack.
You hit the orc. You headbutt the orc.
You kill the orc!
You block the orc priest's attack.
You closely miss the orc priest. Your headbutt misses the orc priest.
The orc priest hits you with a +0 war axe!
You die...

#......# #......+ #......# #
###......######
..+......'.....
####.#......###)..
#....+.<....# #... # #####
#.##.#......# #... .......
#@##.#......# #...
#.....######o##)#).....###...
+.........##o##.........##...
#... #..................##.[.
#....#..................#####
#......$................#
#.....#....##...........#
#..........++.....#######
#....#.....##.....#


You could see an orc priest and an orc.

Vanquished Creatures
  A centaur zombie (D:3)
  An orc wizard (D:2)
  Ijyb (D:3)
  Terence (D:2)
  An adder (D:3)
  A howler monkey skeleton (D:2)
  An ooze (D:3)
  2 worms (D:2)
  3 leopard geckos (D:2)
  4 orcs
  4 giant cockroaches
  5 goblins
  6 hobgoblins
  5 jackals
  A ball python (D:2)
  3 bats
  3 frilled lizards (D:2)
  6 kobolds
  6 rats
55 creatures vanquished.

Notes
Turn   | Place    | Note
-------+----------+-------------------------------------------
     0 | D:1      | Freyura the Minotaur Fighter began the quest for the Orb.
     0 | D:1      | Reached XP level 1. HP: 19/19 MP: 0/0
   224 | D:1      | Reached XP level 2. HP: 16/27 MP: 1/1
   673 | D:2      | Reached skill level 4 in Shields
   673 | D:2      | Reached XP level 3. HP: 32/33 MP: 2/2
   995 | D:2      | Reached skill level 1 in Dodging
   995 | D:2      | Reached XP level 4. HP: 32/40 MP: 3/3
  1186 | D:2      | Noticed Terence
  1193 | D:2      | Killed Terence
  1430 | D:3      | Noticed Ijyb
  1438 | D:3      | Reached skill level 5 in Shields
  1456 | D:3      | Killed Ijyb
  1456 | D:3      | Reached XP level 5. HP: 28/46 MP: 4/4
  1653 | D:3      | Slain by an orc priest

Skill      XL: |  1  2  3  4  5 |
---------------+----------------+-----
Armour         | 4 |  4.8
Shields        | 4 5 |  5.1
Fighting       | 4 |  4.2
Dodging        | 1 2 |  2.0
Maces & Flails | 3 |  3.6
Unarmed Combat | |  0.3

Action                   |  1- 3 |  4- 6 || total
-------------------------+-------+-------++-------
Melee: Flail             |   105 |    54 ||   159
       Headbutt          |    12 |     4 ||    16
       Unarmed           |       |     7 ||     7
  Eat: Chunk             |       |     3 ||     3
Armor: Scale mail        |    81 |    21 ||   102
       Skin              |       |     1 ||     1
Dodge: Dodged            |    60 |    21 ||    81
Block: Shield            |    90 |    24 ||   114
